 Dungeon Crawl Stone Soup version 0.22.1-2-g9c5b331 (webtiles) character file.

234 spiff the Stinger (level 5, -2/38 HPs)
             Began as a Draconian Venom Mage on Nov 27, 2018.
             Slain by a worm (10 damage)
             ... on level 3 of the Dungeon.
             The game lasted 00:08:56 (4121 turns).

spiff the Stinger (Draconian Venom Mage)            Turns: 4121, Time: 00:08:57

Health: -2/38      AC:  5    Str: 10    XL:     5   Next: 75%
Magic:  10/10      EV: 12    Int: 17    God:
Gold:   41         SH:  0    Dex: 11    Spells: 5/11 levels left

rFire    . . .     SeeInvis .   d - -2 dagger (curse)
rCold    . . .     Gourm    .   (no shield)
rNeg     . . .     Faith    .   (armour unavailable)
rPois    .         Spirit   .   (helmet restricted)
rElec    .         Reflect  .   (no cloak)
rCorr    .         Harm     .   (no gloves)
MR       .....                  (no boots)
Stlth    ++........             (no amulet)
HPRegen  0.12/turn              (no ring)
MPRegen  0.12/turn              (no ring)

@: no status effects
A: unfitting armour, cold-blooded, AC +5
a: no special abilities


You were on level 3 of the Dungeon.
You were not hungry.

You visited 1 branch of the dungeon, and saw 3 of its levels.

You collected 41 gold pieces.

Inventory:

Hand Weapons
 d - a cursed -2 dagger (weapon)
Scrolls
 a - 5 scrolls of identify {unknown}
 c - 3 scrolls of teleportation {unknown}
 e - a scroll of fear {unknown}
 f - a scroll of amnesia {unknown}
 i - 2 scrolls of remove curse {unknown}
 k - 2 scrolls of blinking {unknown}
Potions
 g - a potion of degeneration {unknown}
 h - 2 potions of invisibility {unknown}
 j - a potion of might
 l - a potion of ambrosia {unknown}
Comestibles
 b - a ration
 m - 3 chunks of flesh


   Skills:
 - Level 1.7 Dodging
 - Level 1.7 Stealth
 + Level 3.6 Spellcasting
 + Level 3.3 Conjurations
 + Level 4.4 Poison Magic


You had 5 spell levels left.
You knew the following spells:

 Your Spells              Type           Power        Failure   Level  Hunger
a - Sting                 Conj/Pois      ###.         3%          1    None
b - Poisonous Vapours     Pois/Air       ##....       10%         2    ##.....
c - Mephitic Cloud        Conj/Pois/Air  ##......     17%         3    ###....

Your spell library contained the following spells:

 Spells                   Type           Power        Failure   Level  Hunger
 Olgreb's Toxic Radiance  Pois           ###.....     26%         4    ####...
 Venom Bolt               Conj/Pois      ###.......   67%         5    ######.


Dungeon Overview and Level Annotations

Branches:
Dungeon (3/15)

Altars:
Kikubaaqudgha
Nemelex Xobeh


Innate Abilities, Weirdness & Mutations

Your plain brown scales are hard. (AC +5)
You cannot fit into any form of body armour.
You are cold-blooded and may be slowed by cold attacks.


Message History

You hit the worm but do no damage. You tail-slap the worm.
The worm is moderately wounded.
You hit the worm. You tail-slap the worm.
The worm is heavily wounded.
The worm barely misses you.
You hit the worm but do no damage.
The worm is heavily wounded.
You hit the worm but do no damage.
Your tail-slap misses the worm.
The worm is heavily wounded.
The worm bites you.
You completely miss the worm.
Your tail-slap misses the worm.
The worm is heavily wounded.
The worm bites you.
* * * LOW HITPOINT WARNING * * *
You hit the worm but do no damage. You tail-slap the worm.
The worm is heavily wounded.
You hit the worm but do no damage.
The worm is heavily wounded.
The worm bites you!
You die...

### #.. ...
#.. ..# #.#
#.# #.# #.#
#.# #.# #
###.###.###.#
#......%....#
#.<.w@..$..##
#.#..###.###.#
.. ##.# #.# ..
## ..# #.# (
.#.# ##. #.#..
. #.### #. ##
.# . .. .#


You could see a worm.

Vanquished Creatures
  Jessica (D:2)
  Natasha (thrice) (D:2)
  Terence (D:1)
  An adder (D:2)
  3 worms (D:2)
  5 dart slugs
  2 leopard geckos
  A ball python (D:1)
  7 bats
  2 bat zombies (D:2)
  9 giant cockroaches
  8 goblins
  8 hobgoblins
  7 jackals (D:1)
  6 kobolds
  3 frilled lizards
  7 rats
  2 rat zombies (D:2)
76 creatures vanquished.

Notes
Turn   | Place    | Note
-------+----------+-------------------------------------------
     0 | D:1      | spiff the Draconian Venom Mage began the quest for the Orb.
     0 | D:1      | Reached XP level 1. HP: 14/14 MP: 3/3
   129 | D:1      | Reached XP level 2. HP: 11/20 MP: 0/5
   481 | D:1      | Learned a level 2 spell: Poisonous Vapours
   828 | D:1      | Reached XP level 3. HP: 26/26 MP: 3/6
  2029 | D:2      | Noticed Terence
  2217 | D:1      | Killed Terence
  2217 | D:1      | Reached XP level 4. HP: 17/33 MP: 3/8
  2450 | D:2      | Found a sparkling altar of Nemelex Xobeh.
  3093 | D:2      | Learned a level 3 spell: Mephitic Cloud
  3141 | D:2      | Noticed Natasha
  3153 | D:2      | Killed Natasha
  3153 | D:2      | Reached skill level 4 in Poison Magic
  3179 | D:2      | Noticed Natasha
  3189 | D:2      | Killed Natasha
  3189 | D:2      | Reached XP level 5. HP: 18/38 MP: 1/9
  3362 | D:2      | Noticed Natasha
  3366 | D:2      | Killed Natasha
  3822 | D:2      | Found an ancient bone altar of Kikubaaqudgha.
  3907 | D:3      | Noticed Jessica
  3913 | D:2      | Killed Jessica
  4121 | D:3      | Slain by a worm

Skill      XL: |  1  2  3  4  5 |
---------------+----------------+-----
Conjurations   | 2 3 |  3.3
Spellcasting   | 3 |  3.6
Poison Magic   | 4 |  4.4
Dodging        | |  1.7
Stealth        | |  1.7

Action                   |  1- 3 |  4- 6 || total
-------------------------+-------+-------++-------
Melee: Unarmed           |    21 |       ||    21
       Tailslap          |     9 |    18 ||    27
       Dagger            |    61 |   157 ||   218
 Cast: Sting             |    32 |     8 ||    40
       Poisonous Vapours |    25 |    43 ||    68
       Mephitic Cloud    |       |     1 ||     1
 Stab: Confused          |       |     2 ||     2
       Sleeping          |       |     1 ||     1
       Distracted        |       |     1 ||     1
  Eat: Chunk             |     5 |     7 ||    12
       Ration            |       |     1 ||     1
Armor: Skin              |    46 |    57 ||   103
Dodge: Dodged            |    72 |   129 ||   201
